 Dungeon Crawl Stone Soup version 0.31.0-11-ge490571c62 (webtiles) character file.

Game seed: 17451887293943997861

14305 chukamok the Fighter (level 11, 0/97 HPs)
             Began as a Demonspawn Gladiator on Jan 27, 2024.
             Was an Elder of Dithmenos.
             Slain by an earth elemental (33 damage)
             ... in a volcano on Feb 3, 2024.
             The game lasted 01:52:26 (8588 turns).

chukamok the Fighter (Demonspawn Gladiator)         Turns: 8588, Time: 01:52:27

Health: 0/97       AC: 14    Str: 16    XL:     11   Next: 87%
Magic:  18/18      EV: 16    Int: 12    God:    Dithmenos [****..]
Gold:   413        SH:  4    Dex: 20    Spells: 13/19 levels left

rFire   . . .        a - +1 scimitar (elec)
rCold   + + .        (no shield)
rNeg    . . .        B - +3 leather armour {rC+}
rPois   .            (helmet restricted)
rElec   .            L - +0 cloak {Stlth+}
rCorr   .            g - +2 pair of gloves
SInv    .            x - +0 pair of boots
Will    .....        w - amulet of regeneration
Stlth   +++++++      J - +6 ring of dexterity
HPRegen 1.16/turn    k - ring of protection from cold
MPRegen 0.16/turn

%: no passive effects
@: wreathed by umbra
A: antennae 2, rugged brown scales 3, spiny 2, condensation shield
a: Renounce Religion, Shadow Step


You were in a volcano.
You worshipped Dithmenos.
Dithmenos was greatly pleased with you.
You visited 3 branches of the dungeon, and saw 13 of its levels.
You also visited: Sewer and Volcano.

You collected 880 gold pieces.
You spent 467 gold pieces at shops.

Inventory:

Hand Weapons
 a - a +1 scimitar of electrocution (weapon)
 b - the +8 sling "Oheixypt" {flame, Int+3 SInv Stlth+}
   (You found it on level 11 of the Dungeon)

   Int+3:     It affects your intelligence (+3).
   SInv:      It lets you see invisible.
   Stlth+:    It makes you more stealthy.
 j - a +2 war axe of flaming
 K - a +0 orcbow of electrocution
Missiles
 d - 4 throwing nets (quivered)
 y - 5 curare-tipped darts
 G - 36 poisoned darts
Armour
 g - a +2 pair of gloves (worn)
 x - a +0 pair of boots (worn)
 B - a +3 leather armour of cold resistance (worn)
 L - a +0 cloak of stealth (worn)
 U - a scarf of invisibility
Jewellery
 k - a ring of protection from cold (right hand)
 w - an amulet of regeneration (around neck)
 J - a +6 ring of dexterity (left hand)
Wands
 e - a wand of digging (6)
 A - a wand of paralysis (18)
 H - a wand of quicksilver (12)
 Q - a wand of flame (2)
 S - a wand of roots (17)
 T - a wand of polymorph (4)
 W - a wand of mindburst (10)
Scrolls
 i - 3 scrolls of teleportation
 o - 2 scrolls of amnesia {unknown}
 p - 2 scrolls of enchant armour
 s - 2 scrolls of revelation
 t - 3 scrolls of identify
 C - 4 scrolls of blinking
 I - 3 scrolls of fog
 M - 4 scrolls of vulnerability
 P - 2 scrolls of noise {unknown}
Potions
 h - 6 potions of curing
 q - 3 potions of lignification
 r - 2 potions of invisibility {unknown}
 v - 2 potions of brilliance {unknown}
 D - 3 potions of haste
 R - 2 potions of berserk rage {unknown}


   Skills:
 * Level 10.2 Fighting
 + Level 2.9 Long Blades
 - Level 3.1 Polearms
 + Level 2.9 Ranged Weapons
 - Level 5.2 Throwing
 + Level 7.1 Dodging
 + Level 6.9 Stealth
 * Level 4.9 Spellcasting
 * Level 5.8 Necromancy
 + Level 7.9 Invocations
 + Level 4.3 Evocations


You had 13 spell levels left.
You knew the following spells:

 Your Spells              Type           Power      Damage    Failure   Level
a - Fugue of the Fallen   Necr           17%        N/A       7%          3
b - Vampiric Draining     Necr           17%        2d7       7%          3

Your spell library contained the following spells:

 Spells                   Type           Power      Damage    Failure   Level
 Necrotise                Necr           68%        1d7       2%          1
 Sublimation of Blood     Necr           17%        N/A       3%          2
 Apportation              Tloc           4%         N/A       26%         1
 Shock                    Conj/Air       8%         1d3       26%         1
 Sting                    Conj/Alch      8%         1d3       26%         1
 Summon Small Mammal      Summ           8%         N/A       26%         1
 Ensorcelled Hibernation  Hex/Ice        4%         N/A       36%         2
 Lesser Beckoning         Tloc           4%         N/A       36%         2
 Static Discharge         Conj/Air       4%         3-4/arc   36%         2
 Gell's Gravitas          Tloc           2%         N/A       58%         3
 Inner Flame              Hex/Fire       2%         N/A       58%         3
 Summon Ice Beast         Ice/Summ       2%         N/A       58%         3
 Swiftness                Air            2%         N/A       58%         3
 Teleport Other           Tloc           2%         N/A       58%         3
 Anguish                  Hex/Necr       4%         N/A       58%         4
 Airstrike                Air            1%         2d(1-17)  94%         4
 Summon Lightning Spire   Summ/Air       2%         N/A       94%         4
 Irradiate                Conj/Alch      1%         3d12      100%        5
 Summon Mana Viper        Hex/Summ       2%         N/A       100%        5
 Monstrous Menagerie      Summ           1%         N/A       100%        7
 Ignition                 Fire           1%         3d3       100%        8
 Infestation              Necr           8%         N/A       100%        8


Dungeon Overview and Level Annotations

Branches:
Dungeon (11/15)            Temple (0/1) D:7            Lair (1/5) D:8
    Orc (1/2) D:10          Sewer (visited)         Volcano (1/1)

Altars:
Ashenzari
Dithmenos
Fedhas
Gozag
Kikubaaqudgha
Makhleb
Nemelex Xobeh
Ru
Sif Muna
Vehumet
Xom

Shops:
D:5 ?   D:8 (


Innate Abilities, Weirdness & Mutations

You have a pair of antennae on your head.
You are completely covered in rugged brown scales. (AC +3, +7% HP)
You are mostly covered in sharp spines.
A meltable shield of frost defends you. (SH +4)


Message History

You barely miss the earth elemental.
The earth elemental is severely damaged.
The earth elemental completely misses you.
The earth elemental hits you!
You hit the earth elemental but do no damage.
The earth elemental is severely damaged.
You hit the earth elemental.
The earth elemental is severely damaged.
The earth elemental closely misses you.
The earth elemental is struck by your spines.
The earth elemental closely misses you.
You slash the earth elemental!
The earth elemental is almost destroyed.
The earth elemental is struck by your spines.
You destroy the earth elemental!
Dithmenos accepts your kill. The earth elemental closely misses you.
You hit the earth elemental.
The earth elemental is moderately damaged.
The earth elemental hits you!
You hit the earth elemental.
The earth elemental is moderately damaged.
You hit the earth elemental.
The earth elemental is moderately damaged.
The earth elemental is struck by your spines.
The earth elemental barely misses you.
You hit the earth elemental. You punch the earth elemental.
The earth elemental is heavily damaged.
Your shadow hits the earth elemental but does no damage.
The earth elemental misses you.
You hit the earth elemental.
The earth elemental is heavily damaged.
You slash the earth elemental!
The earth elemental is almost destroyed.
The earth elemental hits you!
You hit the earth elemental but do no damage.
The earth elemental is almost destroyed.
Your icy envelope is restored.
The earth elemental hits you!!
You die...

#########
##○°≈≈≈≈°##
##≈○°≈≈≈.°°##
##...........##
#....∩...∩....#
#...........##
##.........##
###'###+###
#.@##≈≈...#
#..E#≈≈≈≈...#
#....##§≈≈≈...#
##...#≈≈≈≈.○.##
##..##≈≈.E.##
##..##≈..## ##.
#..## # #+#


You could see an earth elemental.

Vanquished Creatures
  2 two-headed ogres
  A deep elf pyromancer (D:10)
  Maurice (D:11)
  An orc sorcerer (D:10)
  2 ugly things
  A black mamba (Lair:1)
  2 gargoyles (D:11)
  Maggie (Lair:1)
  A rime drake (Lair:1)
  A komodo dragon (D:6)
  A troll (D:11)
  Grinder (D:3)
  2 hornets
  Sigmund (D:2)
  28 yaks
  A wyvern (D:10)
  2 fire elementals (Volcano)
  3 vampire mosquitoes (D:11)
  2 water moccasins
  5 orc warriors
  Pargi (Sewer)
  2 ice beasts
  2 black bears
  2 sky beasts (D:7)
  An ogre (D:7)
  A centaur (D:8)
  3 phantoms
  4 kobold brigands
  4 bullfrogs
  2 scorpions
  An earth elemental (Volcano)
  4 wights (D:10)
  3 killer bees (D:10)
  2 bombardier beetles
  A jelly (Sewer)
  An orc priest (D:8)
  4 hounds
  Crazy Yiuf (D:5)
  4 iguanas
  13 orc wizards
  Ijyb (D:3)
  Robin (D:3)
  3 gnolls
  10 adders
  2 white imps
  2 dart slugs (D:1)
  27 orcs
  5 endoplasms
  4 giant cockroaches
  11 goblins
  7 hobgoblins
  4 jackals (D:1)
  6 quokkas
  2 ball pythons
  3 bats (D:1)
  6 frilled lizards
  23 kobolds
  7 rats
239 creatures vanquished.

Notes
Turn   | Place    | Note
-------+----------+-------------------------------------------
     0 | D:1      | chukamok the Demonspawn Gladiator began the quest for the
                  | Orb.
     0 | D:1      | Reached XP level 1. HP: 16/16 MP: 1/1
   107 | D:1      | Gained mutation: You are partially covered in sharp spines.
                  | [demonic ancestry]
   107 | D:1      | Reached XP level 2. HP: 22/22 MP: 2/2
   209 | D:1      | Found a faded altar of an unknown god.
   488 | D:1      | Gained mutation: You are partially covered in rugged brown
                  | scales. (AC +1, +3% HP) [demonic ancestry]
   488 | D:1      | Reached XP level 3. HP: 23/28 MP: 3/3
  1105 | D:2      | Noticed Sigmund
  1111 | D:2      | Reached skill level 1 in Stealth
  1150 | D:3      | Noticed Grinder
  1321 | D:3      | Found a shadowy altar of Dithmenos.
  1336 | D:3      | Became a worshipper of Dithmenos the Shadowed
  1460 | D:3      | Gained mutation: You have a pair of small antennae on your
                  | head. [demonic ancestry]
  1460 | D:3      | Reached XP level 4. HP: 24/35 MP: 4/4
  1468 | D:2      | Reached skill level 3 in Fighting
  1519 | D:2      | Killed Sigmund
  1520 | D:2      | Reached skill level 4 in Fighting
  1520 | D:2      | Gained mutation: You are mostly covered in rugged brown
                  | scales. (AC +2, +5% HP) [demonic ancestry]
  1520 | D:2      | Reached XP level 5. HP: 38/44 MP: 5/5
  1636 | D:2      | Reached XP level 6. HP: 50/50 MP: 6/6
  1690 | D:3      | Noticed Robin
  1702 | D:3      | Noticed Ijyb
  1718 | D:3      | Paralysed by Ijyb for 3 turns
  1721 | D:3      | Killed Ijyb
  1823 | D:3      | Paralysed by Grinder for 3 turns
  1834 | D:3      | Killed Grinder
  2079 | D:3      | Killed Robin
  2080 | D:3      | Gained mutation: You have a pair of antennae on your head.
                  | [demonic ancestry]
  2080 | D:3      | Reached XP level 7. HP: 57/57 MP: 7/7
  2122 | D:4      | Reached skill level 5 in Fighting
  2166 | D:4      | Reached skill level 1 in Invocations
  2708 | D:4      | Reached * piety under Dithmenos
  2819 | D:5      | Entered Level 5 of the Dungeon
  2876 | D:5      | Got the Almanac of the Grave
  2939 | D:5      | Found a glowing drain.
  2943 | Sewer    | Entered a sewer
  3036 | Sewer    | Noticed Pargi
  3040 | Sewer    | Killed Pargi
  3041 | Sewer    | Reached skill level 6 in Fighting
  3041 | Sewer    | Gained mutation: A meltable shield of frost defends you.
                  | (SH +4) [demonic ancestry]
  3041 | Sewer    | Reached XP level 8. HP: 67/67 MP: 8/10
  3278 | D:5      | Found a runed translucent door.
  3279 | D:5      | Noticed Crazy Yiuf
  3289 | D:5      | Killed Crazy Yiuf
  3398 | D:5      | Found Dapajyno's Magic Scroll Shop.
  3401 | D:5      | Bought a scroll of identify for 26 gold pieces
  3401 | D:5      | Bought a scroll of revelation for 97 gold pieces
  3401 | D:5      | Bought a scroll of enchant armour for 97 gold pieces
  3401 | D:5      | Bought a scroll of identify for 26 gold pieces
  3943 | D:6      | Reached skill level 5 in Dodging
  3959 | D:6      | Reached ** piety under Dithmenos
  3984 | D:6      | Noticed a komodo dragon
  4002 | D:6      | Killed a komodo dragon
  4003 | D:6      | Reached skill level 7 in Fighting
  4010 | D:6      | Reached XP level 9. HP: 47/75 MP: 12/12
  4098 | D:6      | Found a sacrificial altar of Ru.
  4098 | D:6      | Found a burning altar of Makhleb.
  4314 | D:6      | Found a sparkling altar of Nemelex Xobeh.
  4316 | D:6      | Found an opulent altar of Gozag.
  4422 | D:7      | Found a staircase to the Ecumenical Temple.
  4454 | D:7      | Reached skill level 5 in Throwing
  4516 | D:7      | Reached skill level 5 in Invocations
  4633 | D:7      | Found a shimmering altar of Xom.
  4633 | D:7      | Found a broken altar of Ashenzari.
  4814 | D:7      | Reached skill level 5 in Stealth
  5231 | D:8      | Found a staircase to the Lair.
  5315 | D:8      | Reached skill level 8 in Fighting
  5474 | D:8      | Learned a level 3 spell: Fugue of the Fallen
  5478 | D:8      | Learned a level 3 spell: Vampiric Draining
  5585 | D:8      | Reached skill level 1 in Evocations
  5686 | D:8      | Found Runuzxar's Weapon Shop.
  5693 | D:8      | Bought a +1 scimitar of electrocution for 221 gold pieces
  5770 | D:8      | Reached skill level 1 in Spellcasting
  5770 | D:8      | Reached skill level 1 in Necromancy
  5780 | D:8      | Reached *** piety under Dithmenos
  5786 | D:8      | Gained mutation: You are mostly covered in sharp spines.
                  | [demonic ancestry]
  5786 | D:8      | Reached XP level 10. HP: 54/86 MP: 14/14
  6087 | D:8      | Found an ancient bone altar of Kikubaaqudgha.
  6087 | D:8      | Found a shimmering blue altar of Sif Muna.
  6102 | D:8      | Found a radiant altar of Vehumet.
  6410 | D:9      | Noticed a two-headed ogre
  6418 | D:9      | Killed a two-headed ogre
  6419 | D:9      | Reached skill level 9 in Fighting
  6591 | D:9      | Found a blossoming altar of Fedhas.
  6665 | D:10     | Entered Level 10 of the Dungeon
  6686 | D:10     | Noticed a green ugly thing
  6696 | D:10     | Killed a green ugly thing
  6697 | D:10     | Reached skill level 1 in Long Blades
  6697 | D:10     | Reached skill level 1 in Ranged Weapons
  6727 | D:10     | You fall into a shaft and drop 1 floor!
  6846 | D:11     | Noticed Maurice
  6865 | D:11     | Something stole 217 gold
  6866 | D:11     | Something stole an amulet of faith
  6868 | D:11     | Something stole 5 throwing nets
  6870 | D:11     | Killed Maurice
  6897 | D:11     | Noticed a two-headed ogre
  6903 | D:11     | Killed a two-headed ogre
  6981 | D:11     | Gained mutation: You are completely covered in rugged brown
                  | scales. (AC +3, +7% HP) [demonic ancestry]
  6981 | D:11     | Reached XP level 11. HP: 67/95 MP: 16/16
  7066 | D:10     | Found a staircase to the Orcish Mines.
  7414 | D:10     | Noticed a deep elf pyromancer
  7526 | D:10     | Killed a deep elf pyromancer
  7576 | D:10     | Reached **** piety under Dithmenos
  7727 | D:10     | Reached skill level 5 in Necromancy
  7954 | D:11     | Identified the +8 sling "Oheixypt" {flame, Int+3 SInv
                  | Stlth+}
  8061 | D:11     | Noticed a red ugly thing
  8068 | D:11     | Killed a red ugly thing
  8069 | D:11     | Reached skill level 10 in Fighting
  8265 | Orc:1    | Entered Level 1 of the Orcish Mines
  8265 | Orc:1    | Noticed an orc knight
  8265 | Orc:1    | Noticed an orc sorcerer
  8274 | D:10     | Killed an orc sorcerer
  8359 | Lair:1   | Entered Level 1 of the Lair of Beasts
  8359 | Lair:1   | Noticed Maggie
  8368 | Lair:1   | Killed Maggie
  8531 | Lair:1   | Found a dark tunnel.
  8540 | Volcano  | Entered a volcano
  8588 | Volcano  | Slain by an earth elemental

Illustrated notes

Levels and vault maps discovered:
D:1:      dpeg_arrival_renting, layout_loops_ring,
          shapermc_ecumenical_altar_acropolis, minmay_close_crescents
D:2:      layout_basic, hangedman_decor_clover_reticule, serial_park_tiny_2,
          nrook_mini_backslash, uniq_sigmund
D:3:      layout_loops_ring, nicolae_dithmenos_through_a_glass_darkly,
          moated_statue, nicolae_goblin_pals, uniq_grinder
D:4:      layout_basic, guppyfry_early_lair_pool, uniq_ijyb, uniq_robin
D:5:      layout_rooms, lemuel_tele_altar, serial_shops, nicolae_shop_rolled_up,
          mainiacjoe_sewer_entry_somewhere_in_here_2, uniq_crazy_yiuf_cottage
D:6:      layout_basic, gammafunk_temple_overflow_wave,
          grunt_temple_overflow_opulence, lexackson_kobold_supper
D:7:      layout_basic, gammafunk_temple_overflow_pools,
          minmay_temple_entry_statues_fountains, minivault_10
D:8:      layout_loops_ring, palyth_temple_overflow_mages, zin_treasury,
          lair_entry_dummy, serial_shops, nicolae_shop_bloodbath_and_beyond
D:9:      layout_rooms, fedhas_altar_1
D:10:     layout_roguey, david_orc_2
D:11:     layout_loops_ring, minmay_the_grid_2x2 [minmay_the_grid_outer_diamond,
          minmay_the_grid_expand, minmay_the_grid_odd_star,
          minmay_the_grid_prize_trominoes], uniq_urug, uniq_maurice
Lair:1:   layout_cave_pods, nicolae_volcano_entry_s_turn,
          nicolae_lair_run_with_the_wolves, uniq_maggie, uniq_amaemon
Orc:1:    layout_diamond_mine, mines2_david
Volcano:  volcano_aerie

Skill      XL: |  1  2  3  4  5  6  7  8  9 10 11 |
---------------+----------------------------------+-----
Throwing       | 2 3 4 5 |  5.2
Polearms       | 3 |  3.1
Dodging        | 3 4 5 6 7 |  7.1
Stealth        | 1 2 3 4 5 6 |  6.9
Fighting       | 4 6 7 8 9 10 | 10.2
Invocations    | 2 4 6 7 |  7.9
Evocations     | 2 3 4 |  4.3
Spellcasting   | 1 3 4 |  4.9
Necromancy     | 1 4 5 |  5.8
Long Blades    | 1 2 |  2.9
Ranged Weapons | 1 2 |  2.9

Action                     |  1- 3 |  4- 6 |  7- 9 | 10-12 || total
---------------------------+-------+-------+-------+-------++-------
  Melee: Trident           |    98 |       |       |       ||    98
         Punch             |     1 |       |     6 |     7 ||    14
         Flail             |       |    46 |   258 |       ||   304
         Scimitar          |       |       |    40 |   219 ||   259
   Fire: Sling             |     6 |     8 |    26 |    25 ||    65
         Orcbow            |       |       |       |    51 ||    51
  Throw: Throwing net      |     1 |     2 |       |     5 ||     8
         Dart              |       |     1 |     5 |     5 ||    11
   Cast: Vampiric Draining |       |       |       |     1 ||     1
         Fugue of the Fall |       |       |       |     1 ||     1
 Invoke: Shadow Step       |       |       |       |     1 ||     1
  Evoke: Wand              |       |       |       |     4 ||     4
    Use: Scroll            |       |       |     6 |     3 ||     9
         Potion            |       |       |       |     1 ||     1
   Stab: Sleeping          |     1 |     1 |    17 |    12 ||    31
         Held in net/web   |       |     1 |       |       ||     1
         Distracted        |       |       |       |     1 ||     1
 Armour: Leather armour    |    39 |    23 |   151 |   125 ||   338
  Dodge: Dodged            |    29 |    22 |   172 |   175 ||   398
  Block: Other             |       |       |    34 |    21 ||    55
